Map: Tokamak LE

Players

SpeCial

  • Race: Terran Terran
  • League: Grandmaster
  • Spawn Location: 1:00

A.I. 1 (Very Easy) - Winner!

  • Race: Protoss Protoss
  • Spawn Location: 7:00

VOD

Have the link to the VOD?

Description

Time

  • Played on: Sept. 14, 2025, 9:19 a.m.
  • Length: 7:04
Show
View Real Time Build Order
Export as new Build Order

SpeCial Terran 

Build Orders: Liberator Opening 

Get SALT Encoding   

  12  0:00  SCV  
  13  0:13  SCV  
  14  0:17  Supply Depot  
  14  0:25  SCV  
  15  0:39  SCV  
  15  0:41  Barracks  
  16  0:45  Refinery  
  16  0:51  SCV  
  16  0:53  Refinery  
  17  1:03  SCV  
  18  1:15  SCV  
  19  1:28  Orbital Command, Reaper  
  19  1:30  Supply Depot  
  20  1:43  Factory  
  20  1:54  SCV  
  20  2:00  Reaper  
  22  2:07  SCV  
  23  2:18  Command Center  
  23  2:21  SCV  
  24  2:27  Hellion  
  26  2:35  Starport  
  26  2:37  Barracks Reactor  
  26  2:39  SCV  
  27  2:46  Supply Depot  
  27  2:50  Widow Mine  
  29  2:53  SCV  
  30  3:05  SCV  
  31  3:13  Widow Mine, Medivac  
  31  3:15  Marine x2  
  31  3:18  SCV  
  38  3:30  SCV, Orbital Command  
  38  3:33  Marine x2  
  41  3:35  Factory Tech Lab  
  41  3:42  SCV  
  42  3:50  Marine x2  
  42  3:54  Siege Tank  
  47  3:56  SCV x2  
  47  3:59  Liberator  
  52  4:04  Supply Depot  
  52  4:08  SCV  
  53  4:10  Barracks  
  53  4:16  SCV  
  54  4:18  Barracks  
  54  4:19  Supply Depot  
  54  4:25  Marine x2, SCV  
  54  4:27  Supply Depot  
  57  4:32  Siege Tank  
  57  4:34  SCV  
  61  4:42  SCV  
  61  4:43  Starport Tech Lab  
  62  4:46  SCV  
  62  4:50  Engineering Bay  
  62  4:51  Refinery  
  63  4:54  SCV  
  63  4:56  Supply Depot  
  63  4:58  SCV  
  65  5:06  SCV  
  66  5:10  Marine x2, SCV  
  66  5:12  Marine  
  66  5:13  Marine, Stimpack  
  71  5:14  Combat Shield  
  71  5:16  Starport Reactor  
  71  5:18  SCV  
  71  5:21  Supply Depot  
  72  5:22  SCV  
  72  5:28  Marine x2  
  75  5:30  SCV  
  75  5:32  Refinery  
  75  5:34  SCV  
  77  5:38  Marauder x2  
  77  5:40  Factory Reactor  
  81  5:43  SCV  
  81  5:45  Supply Depot, Marine  
  81  5:46  Marine  
  81  5:48  SCV  
  85  5:54  Supply Depot  
  85  5:55  SCV  
  86  6:02  Medivac x2  
  86  6:03  Marine x2  
  92  6:10  Marauder x2  
  96  6:17  Supply Depot  
  96  6:21  Marine x2  
  96  6:22  Command Center  
  96  6:25  Widow Mine x2  
  102  6:30  SCV x2  
  104  6:36  Marauder x2  
  104  6:39  Marine x2  
  110  6:40  Supply Depot  
  114  6:47  Barracks  
  114  6:48  Barracks  
  116  6:58  Supply Depot  
  116  7:03  Supply Depot  
Show
View Real Time Build Order
Export as new Build Order

A.I. 1 (Very Easy) Protoss - Winner!

Build Orders:  

Get SALT Encoding   

  12  0:00  Probe  
  13  0:13  Probe  
  14  0:20  Pylon  
  14  0:36  Assimilator  
  14  0:43  Gateway  
  14  0:46  Pylon  
  14  1:13  Assimilator  
  14  1:22  Probe  
  14  1:24  Zealot  
  14  1:30  Probe  
  15  1:34  Cybernetics Core  
  18  1:40  Probe  
  19  1:53  Probe  
  20  2:00  Warp Gate  
  20  2:01  Probe  
  21  2:10  Probe  
  22  2:43  Stalker  
  24  4:42  Probe  
Tags
 
Add a new tag
Caveats
  • Supply blocks, unpowered buildings, or Contaminate may cause inaccurate times.
  • Supply counts are checked every 10 seconds.